 Dungeon Crawl Stone Soup version 0.28.0-47-ge53b351184 (webtiles) character file.

Game seed: 218048437834567188

5763 pkoi the Destroyer (level 10, -8/77 HPs)
             Began as a Demigod Conjurer on Apr 26, 2022.
             Mangled by a large abomination (12 damage)
             ... on level 1 of the Abyss.
             The game lasted 00:22:48 (16042 turns).

pkoi the Destroyer (Demigod Conjurer)              Turns: 16042, Time: 00:22:49

Health: -8/77      AC:  7    Str:  8    XL:     10   Next: 25%
Magic:  7/22       EV: 17    Int: 32    God:
Gold:   629        SH:  0    Dex: 12    Spells: 9/20 levels left

rFire   . . .      SeeInvis .   l - staff of conjuration
rCold   . . .      Faith    .   (no shield)
rNeg    . . .      Spirit   .   i - +2 robe {Will+}
rPois   .          Reflect  .   (no helmet)
rElec   .          Harm     .   A - +0 cloak
rCorr   .          Rampage  .   g - +1 pair of gloves
Will    +++..                   (no boots)
Stlth   ++........              (no amulet)
HPRegen 0.22/turn               e - +4 ring of evasion
MPRegen 0.18/turn               v - ring of willpower

@: about to teleport
A: high MP 1, forlorn, divine attributes
a: no special abilities


You were on level 1 of the Abyss.
You visited 2 branches of the dungeon, and saw 10 of its levels.
You visited the Abyss 1 time.

You collected 629 gold pieces.

Inventory:

Hand Weapons
 b - a +1 dagger of venom
 p - a +0 dagger
Missiles
 k - 11 poisoned darts
Armour
 c - a +1 robe of cold resistance
 g - a +1 pair of gloves (worn)
 i - a +2 robe of willpower (worn)
 z - a +2 kite shield
 A - a +0 cloak (worn)
Magical Staves
 l - a staff of conjuration (weapon)
Jewellery
 e - a +4 ring of evasion (left hand)
 f - a ring of resist corrosion
 v - a ring of willpower (right hand)
 w - a ring of see invisible
Wands
 r - a wand of flame (35)
 x - a wand of polymorph (3)
 y - a wand of iceblast (1)
 B - a wand of charming (6)
 H - a wand of acid (5)
Scrolls
 m - 4 scrolls of teleportation
 s - 3 scrolls of identify
 t - a scroll of enchant weapon
 u - a scroll of fog
 D - a scroll of noise {unknown}
 F - a scroll of blinking
Potions
 a - a potion of cancellation {unknown}
 d - 3 potions of brilliance {unknown}
 h - 9 potions of curing {unknown}
 j - a potion of resistance
 n - a potion of lignification
 o - a potion of heal wounds
 q - a potion of haste
 C - a potion of berserk rage {unknown}
 E - 2 potions of might {unknown}
 G - a potion of degeneration {unknown}
 I - a potion of flight {unknown}


   Skills:
 - Level 3.0 Fighting
 + Level 2.5 Armour
 - Level 4.0 Dodging
 - Level 1.7 Stealth
 + Level 2.5 Shields
 + Level 5.8 Spellcasting
 * Level 9.5 Conjurations
 + Level 4.7 Hexes
 + Level 5.5 Translocations


You had 9 spell levels left.
You knew the following spells:

 Your Spells              Type           Power      Damage    Failure   Level
a - Magic Dart            Conj           100%       1d8       1%          1
b - Searing Ray           Conj           100%       2d8       1%          2
c - Iskenderun's Mystic   Conj/Tloc      72%        2d15      1%          4
d - Fulminant Prism       Conj/Hex       35%        3d18      2%          4

Your spell library contained the following spells:

 Spells                   Type           Power      Damage    Failure   Level
 Dazzling Flash           Conj/Hex       100%       N/A       1%          3
 Beastly Appendage        Tmut           18%        N/A       4%          1
 Sublimation of Blood     Necr           9%         N/A       7%          2
 Wereblood                Tmut           9%         N/A       7%          2
 Spider Form              Tmut/Pois      9%         N/A       14%         3
 Irradiate                Conj/Tmut      28%        3d22      19%         5
 Petrify                  Tmut/Erth      9%         N/A       43%         4


Dungeon Overview and Level Annotations

Branches:
Dungeon (9/15)             Temple (1/1) D:7
   Lair: D:8-11         Orc: D:9-12

Shops:
D:4 =

Annotations:
D:8 Prince Ribbit
D:9 Psyche


Innate Abilities, Weirdness & Mutations

You have an increased reservoir of magic. (+10% MP)
You shall have no god before yourself.
Your divine heritage dramatically boosts your attributes as you level up.


Message History

The large abomination is knocked back by the mystic blast.
The large abomination slams into the crystal wall!
Casting: Iskenderun's Mystic Blast (dangerous; 1% risk of failure)
Confirm with . or Enter, or press ? or * to list all spells.
You feel a surge of power!
You erupt in a blast of force!
The mystic blast hits the large abomination.
The large abomination is almost destroyed.
The large abomination is knocked back by the mystic blast.
The large abomination slams into the crystal wall!
The large abomination hits you but does no damage.
A tentacled starspawn comes into view.
A raiju comes into view. 2 starspawn tentacles come into view.
Tentacles burst from the starspawn's body! 2 starspawn tentacles come into view.
Tentacles burst from the starspawn's body! 2 starspawn tentacles come into view.
The starspawn tentacle grabs you. The starspawn tentacle constricts you.
You escape the starspawn tentacle's grasp.
A sixfirhy comes into view.
A cacodemon comes into view.
The sixfirhy misses you. The sixfirhy hits you. The sixfirhy shocks you!
* * * LOW HITPOINT WARNING * * *
The sixfirhy hits you!
* * * LOW HITPOINT WARNING * * *
The sixfirhy shocks you!
* * * LOW HITPOINT WARNING * * *
As you read the scroll of teleportation, it crumbles to dust.
You feel strangely unstable.
You feel the power of the Abyss delaying your translocation!
The large abomination completely misses you.
The sixfirhy hits you.
* * * LOW HITPOINT WARNING * * *
The sixfirhy shocks you!
* * * LOW HITPOINT WARNING * * *
The sixfirhy hits you!
* * * LOW HITPOINT WARNING * * *
The sixfirhy shocks you!
* * * LOW HITPOINT WARNING * * *
The sixfirhy hits you but does no damage.
The large abomination hits you!
You die...

# ... .# ## #...#
##.####. # .## ...##
.# .##..#
#.#.#####..##.
.#X.##X#.
#........##.#.#. #.
.# .
.......#.#...#....#.
##...
.###....#3X####.
##.. #..# #...
..#@...#..# .####.#.
..#..###..#.....####
..# . . ##
#.##.......##..#..#
.......##... ..\. .
.##..#.#.#..###..X.
. . #.. . ..#..#
..## #. ..#.. .#.
### .# .. ..###
..### ### # #ยง..


You could see a large abomination and a sixfirhy.

Vanquished Creatures
  2 two-headed ogres
  An orange demon (Abyss:1)
  Sigmund (D:3)
  3 yaks (D:8)
  A basilisk (D:8)
  Edmund (D:4)
  Menkaure (D:6)
  A water moccasin (D:6)
  2 orc warriors
  3 black bears
  3 ogres
  3 ice beasts
  2 necrophages
  2 centaurs
  4 phantoms
  3 scorpions
  3 killer bees (D:9)
  9 wights
  4 howler monkeys
  2 centaur zombies
  A crimson imp (D:7)
  3 hounds
  2 jellies (D:4)
  Crazy Yiuf (D:6)
  A bullfrog skeleton (D:4)
  8 orc priests
  Jessica (D:2)
  2 iguanas (D:5)
  8 orc wizards
  A hound skeleton (D:4)
  4 gnolls (D:5)
  2 howler monkey skeletons (D:7)
  5 adders
  3 white imps
  3 worms
  3 dart slugs
  32 orcs
  5 endoplasms
  6 goblins
  7 hobgoblins
  9 jackals (D:4)
  8 kobolds
  7 ball pythons
  8 bats
  5 frilled lizards
  6 rats
192 creatures vanquished.

Vanquished Creatures (others)
  29 fulminant prisms
  6 starspawn tentacles (Abyss:1)
35 creatures vanquished.

Grand Total: 227 creatures vanquished

Notes
Turn   | Place    | Note
-------+----------+-------------------------------------------
     0 | D:1      | pkoi the Demigod Conjurer began the quest for the Orb.
     0 | D:1      | Reached XP level 1. HP: 14/14 MP: 5/5
   194 | D:1      | Reached skill level 4 in Conjurations
   395 | D:1      | Reached XP level 2. HP: 20/20 MP: 5/7
   675 | D:1      | Learned a level 2 spell: Searing Ray
  1318 | D:2      | Reached XP level 3. HP: 23/26 MP: 2/8
  1670 | D:2      | Noticed a shining eye
  1721 | D:2      | Noticed a golden eye
  1721 | D:2      | Noticed a golden eye
  1721 | D:2      | Noticed a shining eye
  2005 | D:2      | Noticed Jessica
  2009 | D:2      | Killed Jessica
  2010 | D:2      | Reached skill level 1 in Fighting
  2010 | D:2      | Reached XP level 4. HP: 35/35 MP: 4/9
  2257 | D:2      | Learned a level 4 spell: Iskenderun's Mystic Blast
  3231 | D:3      | Reached skill level 5 in Conjurations
  3752 | D:3      | Noticed Sigmund
  3765 | D:3      | Killed Sigmund
  3766 | D:3      | Reached skill level 1 in Translocations
  3766 | D:3      | Reached XP level 5. HP: 16/41 MP: 3/11
  4216 | D:3      | Reached XP level 6. HP: 46/48 MP: 1/12
  4952 | D:4      | Found Haviuw's Jewellery Boutique.
  5353 | D:4      | Noticed Edmund
  5421 | D:4      | Reached skill level 6 in Conjurations
  5421 | D:4      | Reached XP level 7. HP: 28/56 MP: 6/14
  6659 | D:5      | Entered Level 5 of the Dungeon
  7293 | D:5      | Noticed a two-headed ogre
  7320 | D:5      | Learned a level 4 spell: Fulminant Prism
  7878 | D:5      | Reached skill level 1 in Hexes
  8169 | D:5      | Killed a two-headed ogre
  8170 | D:5      | Reached skill level 7 in Conjurations
  8170 | D:5      | Reached XP level 8. HP: 27/63 MP: 3/17
  8533 | D:4      | Killed Edmund
 10174 | D:6      | Noticed Menkaure
 10180 | D:6      | Killed Menkaure
 10181 | D:6      | Reached skill level 8 in Conjurations
 10181 | D:6      | Reached XP level 9. HP: 69/69 MP: 7/19
 10823 | D:6      | Reached skill level 5 in Spellcasting
 12014 | D:6      | Found a runed translucent door.
 12015 | D:6      | Noticed Crazy Yiuf
 12229 | D:6      | Killed Crazy Yiuf
 12471 | D:7      | Reached skill level 1 in Armour
 12471 | D:7      | Reached skill level 1 in Shields
 12721 | D:7      | Found a staircase to the Ecumenical Temple.
 12737 | Temple   | Entered the Ecumenical Temple
 12902 | D:7      | Reached skill level 5 in Translocations
 13556 | D:7      | Reached skill level 9 in Conjurations
 14049 | D:8      | Noticed Prince Ribbit
 14200 | D:8      | Reached XP level 10. HP: 77/77 MP: 4/22
 15180 | D:9      | Noticed a two-headed ogre
 15230 | D:9      | Killed a two-headed ogre
 15954 | D:9      | Noticed Psyche
 15959 | D:9      | Cast into level 1 of the Abyss (Psyche)
 16001 | Abyss:1  | Noticed a spatial maelstrom
 16010 | Abyss:1  | Noticed a large abomination
 16021 | Abyss:1  | Noticed a tentacled starspawn
 16037 | Abyss:1  | Noticed a sixfirhy
 16037 | Abyss:1  | Noticed a cacodemon
 16042 | Abyss:1  | Mangled by a large abomination

Illustrated notes

Levels and vault maps discovered:
D:1:      tarquinn_simple_flora_water_a, layout_loops_cross,
          corexii_item_surrounded_by_moat, supply_closet_lemuel, nrook_campfire
D:2:      layout_loops_ring, basic_altar,
          hellmonk_ecumenical_altar_watching_god, uniq_jessica
D:3:      layout_basic, uniq_sigmund
D:4:      layout_cave_pools, mainiacjoe_overflow_catwalk,
          evilmike_ruin_ashenzari, tgw_sif, beargit_hepliaklqana_dungeon_heroes,
          serial_shops, kennysheep_little_box
D:5:      layout_basic
D:6:      layout_basic, uniq_crazy_yiuf_cottage, uniq_menkaure
D:7:      layout_rooms, grunt_temple_overflow_champion_of_chaos,
          minmay_temple_entry_tees, kennysheep_crisscross
D:8:      layout_loops_ring, trog_book, nicolae_overflow_hidden_temple,
          uniq_prince_ribbit1
D:9:      minmay_slanted_spiral_squares, layout_irregular_city, uniq_psyche
Temple:   nicolae_temple_figure_zero
Abyss:1:  base: Temple, hangedman_abyss_mock_shop,
          serial_sigils_hangedman_quiver

Skill      XL: |  1  2  3  4  5  6  7  8  9 10 |
---------------+-------------------------------+-----
Conjurations   | 4 5 6 7 8 9 |  9.5
Dodging        | 2 3 4 |  4.0
Spellcasting   | 2 4 5 |  5.8
Fighting       | 1 2 3 |  3.0
Translocations | 1 2 3 4 5 |  5.5
Hexes          | 2 3 4 |  4.7
Armour         | 2 |  2.5
Shields        | 1 2 |  2.5
Stealth        | |  1.7

Action                   |  1- 3 |  4- 6 |  7- 9 | 10-12 || total
-------------------------+-------+-------+-------+-------++-------
Melee: Staff             |       |     3 |    14 |     2 ||    19
 Cast: Magic Dart        |    78 |   100 |    88 |    14 ||   280
       Searing Ray       |       |    11 |    13 |       ||    24
       Iskenderun's Myst |       |     1 |    49 |    28 ||    78
       Fulminant Prism   |       |       |    29 |       ||    29
  Use: Scroll            |       |     7 |     6 |     1 ||    14
Armor: Robe              |       |    10 |    10 |     8 ||    28
Dodge: Dodged            |     6 |    38 |    71 |    40 ||   155
